 Dungeon Crawl Stone Soup version 0.21.1-1-g345015f (webtiles) character file.

67 Mgcat the Firebug (level 3, -8/26 HPs)
             Began as a Draconian Fire Elementalist on Mar 17, 2018.
             Killed by nerve-wracking pain
             ... invoked by Ratty's ghost
              (12 damage)
             ... on level 3 of the Dungeon.
             The game lasted 00:03:21 (1950 turns).

Mgcat the Firebug (Draconian Fire Elementalist)     Turns: 1950, Time: 00:03:22

Health: -8/26      AC:  6    Str: 10    XL:     3   Next: 98%
Magic:  0/7        EV: 12    Int: 16    God:
Gold:   44         SH:  0    Dex: 11    Spells: 1/7 levels left

rFire    . . .     SeeInvis .   s - +2 quarterstaff (chaos)
rCold    . . .     Gourm    .   (shield currently unavailable)
rNeg     . . .     Faith    .   (armour unavailable)
rPois    .         Spirit   +   (helmet restricted)
rElec    .         Reflect  .   k - +0 cloak (curse)
rCorr    .         Harm     .   (no gloves)
MR       .....                  (no boots)
Stlth    ++........             m - amulet of guardian spirit {Spirit}
HPRegen  0.08/turn              (no ring)
MPRegen  0.10/turn              (no ring)

@: no status effects
A: unfitting armour, cold-blooded, AC +5
a: no special abilities


You were on level 3 of the Dungeon.
You were hungry.

You visited 1 branch of the dungeon, and saw 3 of its levels.

You collected 44 gold pieces.

Inventory:

Hand Weapons
 c - a +0 short sword
   (You found it on level 1 of the Dungeon)
 s - a +2 quarterstaff of chaos (weapon)
   (You took it off Crazy Yiuf on level 2 of the Dungeon)
Armour
 k - a cursed +0 cloak (worn)
   (You found it on level 1 of the Dungeon)
Jewellery
 m - an amulet of guardian spirit (around neck) {Spirit}
   (You found it on level 1 of the Dungeon)
Scrolls
 d - a scroll of blinking {unknown}
 e - 3 scrolls of fog {unknown}
 f - a scroll of immolation {unknown}
 g - a scroll of amnesia {unknown}
 h - a scroll of enchant weapon {unknown}
 q - a scroll of remove curse {unknown}
 r - a scroll of enchant armour {unknown}
Potions
 i - a potion of might {unknown}
 j - 2 potions of flight {unknown}
 l - a potion of haste {unknown}
 o - a potion of brilliance {unknown}
 p - 3 potions of lignification {unknown}
Books
 a - a book of Flames
Comestibles
 b - 5 rations


   Skills:
 - Level 1.7 Dodging
 - Level 1.7 Stealth
 + Level 2.8 Spellcasting
 + Level 2.3 Conjurations
 + Level 3.7 Fire Magic


You had one spell level left.
You knew the following spells:

 Your Spells              Type           Power        Failure   Level  Hunger
a - Flame Tongue          Conj/Fire      ##...        5%          1    #......
b - Throw Flame           Conj/Fire      ##....       9%          2    ##.....
c - Conjure Flame         Conj/Fire      ##......     17%         3    ###....


Dungeon Overview and Level Annotations

Branches:
Dungeon (3/15)

Altars:

Annotations:
D:3 Ratty's ghost, amateur DENe


Innate Abilities, Weirdness & Mutations

Your plain brown scales are hard. (AC +5)
You cannot fit into any form of body armour.
You are cold-blooded and may be slowed by cold attacks.


Message History

s - a +2 quarterstaff of chaos (weapon)
All of the chunks of flesh in your inventory have rotted away.
Done exploring.
Done exploring.
Done exploring.
Done exploring.
Done exploring.
Done exploring.
(D) Dungeon
Where to? (Enter - D:2, ? - help)
What level of the Dungeon? (default 1, ? - help)
There is an open door, spattered with blood here.
You see here a cloak.
You are feeling hungry.
(D) Dungeon
Where to? (Enter - D:3, ? - help)
What level of the Dungeon? (default 1, ? - help)
You see here a club.
There is a stone staircase leading down here.
You climb downwards.
A rat comes into view.
There is a stone staircase leading up here.
A rat is nearby!
Casting: Flame Tongue
Confirm with . or Enter, or press ? or * to list all spells.
Aiming: Flame Tongue
Press: ? - help, Shift-Dir - straight line, f - rat
Aim: a rat The flame tongue hits the rat.
You kill the rat!
Memorise Throw Flame, consuming 2 spell levels and leaving 4?
You start memorising the spell.
You continue memorising. x2
You finish memorising.
Spell assigned to 'b'.
Memorise Conjure Flame, consuming 3 spell levels and leaving 1?
You start memorising the spell.
You continue memorising. x3
You finish memorising.
Spell assigned to 'c'.
Okay, then.
Unknown command.
Ratty's ghost (amateur Deep Elf Necromancer) opens the door.
You see here a rat corpse.
Ratty's ghost is nearby!
Casting: Flame Tongue
Confirm with . or Enter, or press ? or * to list all spells.
You can't see any susceptible monsters within range! (Use Z to cast anyway.)
Casting: Flame Tongue
Confirm with . or Enter, or press ? or * to list all spells.
Aiming: Flame Tongue
Press: ? - help, Shift-Dir - straight line, f - Ratty's ghost
Aim: Ratty's ghost (hasn't noticed you)
The flame tongue hits Ratty's ghost.
Ratty's ghost resists.
Ratty's ghost is lightly damaged.
Ratty's ghost turns its malevolent gaze towards you.
Casting: Flame Tongue
Confirm with . or Enter, or press ? or * to list all spells.
Aiming: Flame Tongue
Press: ? - help, Shift-Dir - straight line, f/p - Ratty's ghost
Aim: Ratty's ghost (lightly damaged)
The flame tongue misses Ratty's ghost.
Ratty's ghost closely misses you.
Casting: Flame Tongue
Confirm with . or Enter, or press ? or * to list all spells.
Aiming: Flame Tongue
Press: ? - help, Shift-Dir - straight line, f/p - Ratty's ghost
Aim: Ratty's ghost (lightly damaged)
The flame tongue hits Ratty's ghost.
Ratty's ghost resists.
Ratty's ghost is lightly damaged.
Ratty's ghost ripples.
Ratty's ghost gestures at you while chanting.
Pain shoots through your body!
Casting: Flame Tongue
Confirm with . or Enter, or press ? or * to list all spells.
Aiming: Flame Tongue
Press: ? - help, Shift-Dir - straight line, f/p - Ratty's ghost
Aim: Ratty's ghost (lightly damaged)
The flame tongue misses Ratty's ghost.
Ratty's ghost points at you and mumbles some strange words.
Pain shoots through your body!
You sock Ratty's ghost! You freeze Ratty's ghost.
Ratty's ghost is severely damaged.
Ratty's ghost points at you and mumbles some strange words.
You barely resist. You hit Ratty's ghost but do no damage.
Ratty's ghost seems to speed up.
Ratty's ghost is severely damaged.
Ratty's ghost casts a spell at you. Pain shoots through your body!
* * * LOW HITPOINT WARNING * * *
Ratty's ghost completely misses you.
Casting: Flame Tongue
Confirm with . or Enter, or press ? or * to list all spells.
Aiming: Flame Tongue
Press: ? - help, Shift-Dir - straight line, f/p - Ratty's ghost
Aim: Ratty's ghost (severely damaged, fast)
The flame tongue misses Ratty's ghost.
Ratty's ghost gestures at you while chanting.
Pain shoots through your body!
* * * LOW HITPOINT WARNING * * *
You closely miss Ratty's ghost.
Ratty's ghost is severely damaged.
Ratty's ghost points at you and mumbles some strange words.
Pain shoots through your body!
You die...

##+## ##...##
##.....##
#.W@.†..#
#.........#
...'.........+
####.$...$...#
##.......##
##.....##
##...## ##+##


You could see Ratty's ghost.

Vanquished Creatures
  Crazy Yiuf (D:2)
  2 oozes (D:2)
  A worm (D:2)
  A leopard gecko (D:2)
  4 bats
  3 goblins (D:2)
  2 hobgoblins (D:1)
  2 quokkas (D:2)
  A frilled lizard (D:2)
  3 kobolds (D:2)
  6 rats
26 creatures vanquished.

Notes
Turn   | Place    | Note
-------+----------+-------------------------------------------
     0 | D:1      | Mgcat the Draconian Fire Elementalist began the quest for the Orb.
     0 | D:1      | Reached XP level 1. HP: 14/14 MP: 3/3
   978 | D:2      | Reached XP level 2. HP: 18/20 MP: 1/5
  1309 | D:2      | Reached XP level 3. HP: 26/26 MP: 2/6
  1439 | D:2      | Reached skill level 2 in Conjurations
  1540 | D:2      | Found a runed door.
  1721 | D:2      | Noticed Crazy Yiuf
  1729 | D:2      | HP: 6/26 [Crazy Yiuf/quarterstaff of chaos (15)]
  1730 | D:2      | Killed Crazy Yiuf
  1936 | D:3      | Learned a level 2 spell: Throw Flame
  1940 | D:3      | Learned a level 3 spell: Conjure Flame
  1941 | D:3      | Noticed Ratty's ghost (amateur DENe)
  1948 | D:3      | HP: 6/26 [Ratty's ghost/nerve-wracking pain (12)]
  1950 | D:3      | Killed from afar by Ratty's ghost

Skill      XL: |  1  2  3 |
---------------+----------+-----
Conjurations   | 2 |  2.3
Dodging        | |  1.7
Stealth        | |  1.7
Spellcasting   | |  2.8
Fire Magic     | |  3.7

Action                   || total
-------------------------++-------
Melee: Short sword       ||     8
       Quarterstaff      ||     3
 Cast: Flame Tongue      ||    50
  Eat: Chunk             ||     3
Armor: Skin              ||     6
Dodge: Dodged            ||    21

Vault maps used:
D:1:      shiori_shiawase, serial_forest, infiniplex_forest_clump_curved,
          infiniplex_forest_corner_2, infiniplex_forest_lined_3,
          infiniplex_forest_lined_3_way, infiniplex_forest_clump_C,
          infiniplex_forest_clump_double, infiniplex_forest_lined_room_2
D:2:      first_ration, uniq_crazy_yiuf_cottage
D:3:      overflow_temple_1_default, uniq_robin

Table legend:
 A = Turns spent in this place as a percentage of turns spent in the entire game.
 B = Non-inter-level travel turns spent in this place as a percentage of non-inter-level travel turns spent in the entire game.
 C = Inter-level travel turns spent in this place as a percentage of turns spent in this place.
 D = Turns resting spent in this place as a percentage of non-inter-level travel turns spent in this place.
 E = Turns spent auto-exploring this place as a percentage of non-inter-level travel turns spent in this place.
 F = Non-inter-level travel turns spent in this place divided by the number of levels of this place that you've seen.
                   A       B       C       D       E      F
               +-------+-------+-------+-------+-------+----------------------
         Total | 100.0 | 100.0 |   2.7 |   0.0 |  90.8 | 632.3
       Dungeon | 100.0 | 100.0 |   2.7 |   0.0 |  90.8 | 632.3
               +-------+-------+-------+-------+-------+----------------------

Table legend:
 A = Kills in this place as a percentage of kills in entire the game.
 B = Kills by you in this place as a percentage of kills by you in the entire game.
 C = Kills by friends in this place as a percentage of kills by friends in the entire game.
 D = Other kills in this place as a percentage of other kills in the entire game.
 E = Experience gained in this place as a percentage of experience gained in the entire game.
 F = Experience gained in this place divided by the number of levels of this place that you have seen.
                   A       B       C       D       E      F
               +-------+-------+-------+-------+-------+----------------------
         Total | 100.0 | 100.0 |   N/A |   N/A | 100.0 |  32.0
       Dungeon | 100.0 | 100.0 |   N/A |   N/A | 100.0 |  32.0
               +-------+-------+-------+-------+-------+----------------------
